 Dungeon Crawl Stone Soup version 0.27-a0-1557-g57f10a385c (webtiles) character file.

Game seed: 14924574739597177630

140 DocClef the Covert (level 5, 0/47 HPs)
             Began as a Gnoll Delver on July 15, 2021.
             Was an Initiate of Okawaru.
             Slain by a hobgoblin (1 damage)
             ... in the Ecumenical Temple.
             The game lasted 00:00:34 (309 turns).

DocClef the Covert (Gnoll Delver)                    Turns: 309, Time: 00:00:34

Health: 0/47       AC:  3    Str: 13    XL:     5   Next: 23%
Magic:  7/7        EV: 13    Int:  9    God:    Okawaru [......]
Gold:   0          SH:  0    Dex: 13    Spells: 6/6 levels left

rFire    . . .     SeeInvis .   a - +0 short sword
rCold    + . .     Faith    .   (no shield)
rNeg     . . .     Spirit   .   b - +0 leather armour
rPois    .         Reflect  .   (no helmet)
rElec    .         Harm     .   (no cloak)
rCorr    .         Rampage  .   (no gloves)
Will     .....                  (no boots)
Stlth    ++++......             (no amulet)
HPRegen  0.15/turn              h - ring of protection from cold
MPRegen  0.10/turn              (no ring)

@: no status effects
A: fangs 1, strong nose, distributed training
a: Renounce Religion


You were in the Ecumenical Temple.
You worshipped Okawaru.
Okawaru was noncommittal.
You visited 2 branches of the dungeon, and saw 3 of its levels.

Inventory:

Hand Weapons
 a - a +0 short sword (weapon)
Armour
 b - a +0 leather armour (worn)
Jewellery
 h - a ring of protection from cold (left hand)
Wands
 g - a wand of digging (3)
Scrolls
 c - a scroll of fog
 d - a scroll of magic mapping
 e - a scroll of fear
Potions
 f - a potion of haste
 i - a potion of resistance {unknown}


   Skills:
 + Level 6.6 Fighting
 + Level 4.7 Short Blades
 + Level 1.4 Long Blades
 + Level 1.4 Axes
 + Level 1.4 Maces & Flails
 + Level 1.4 Polearms
 + Level 1.4 Staves
 + Level 1.4 Slings
 + Level 1.4 Bows
 + Level 1.4 Crossbows
 + Level 1.4 Throwing
 + Level 1.4 Armour
 + Level 4.7 Dodging
 + Level 9.6 Stealth
 + Level 1.4 Shields
 + Level 1.4 Unarmed Combat
 + Level 1.4 Spellcasting
 + Level 1.1 Conjurations
 + Level 1.1 Hexes
 + Level 1.1 Summonings
 + Level 1.1 Necromancy
 + Level 1.1 Translocations
 + Level 1.1 Transmutations
 + Level 1.1 Fire Magic
 + Level 1.1 Ice Magic
 + Level 1.1 Air Magic
 + Level 1.1 Earth Magic
 + Level 1.1 Poison Magic
 + Level 1.5 Invocations
 + Level 1.4 Evocations


You had 6 spell levels left.
You didn't know any spells.
Your spell library was empty.

Dungeon Overview and Level Annotations

Branches:
Dungeon (5/15)             Temple (1/1) D:4

Altars:
Ashenzari
Cheibriados
Dithmenos
Elyvilon
Fedhas
Gozag
Kikubaaqudgha
Makhleb
Nemelex Xobeh
Okawaru
Qazlal
Ru
Sif Muna
Xom
Yredelemnul
Zin


Innate Abilities, Weirdness & Mutations

You have very sharp teeth.
Your uncanny sense of smell can sniff out nearby items.
Your experience applies equally to all skills.


Message History

The white imp barely misses you. The hobgoblin closely misses you.
You climb downwards.
Welcome back to the Ecumenical Temple!
There is a staircase back to the Dungeon here.
You closely miss the white imp.
The white imp is lightly wounded.
The jackal bites you. The white imp hits you. The white imp freezes you.
You resist. The hobgoblin closely misses you. The jackal completely misses you.
You barely miss the white imp. Your bite misses the white imp.
The white imp is lightly wounded.
The jackal bites you.
* * * LOW HITPOINT WARNING * * *
The white imp closely misses you. The hobgoblin hits you.
* * * LOW HITPOINT WARNING * * *
You barely miss the white imp.
The white imp is lightly wounded.
The jackal bites you.
* * * LOW HITPOINT WARNING * * *
The white imp gestures at you. The puff of frost misses you.
The puff of frost hits the jackal!
The jackal dies!
You barely miss the hobgoblin. The hobgoblin barely misses you.
You closely miss the hobgoblin. Your bite misses the hobgoblin.
The white imp hits you.
* * * LOW HITPOINT WARNING * * *
The white imp freezes you. You resist.
* * * LOW HITPOINT WARNING * * *
The hobgoblin misses you.
You hit the hobgoblin but do no damage. The white imp gestures at you.
The puff of frost hits you. You resist.
* * * LOW HITPOINT WARNING * * *
The hobgoblin closely misses you.
Unknown command.
You closely miss the hobgoblin. The white imp closely misses you.
The hobgoblin barely misses you.
Unknown command.
You hit the hobgoblin.
The hobgoblin is heavily wounded.
The white imp barely misses you. The hobgoblin hits you.
You die...

######### ........#####
.8..........####
...............###
#.##.............###
...#.............5.##
._..............@...##
...#.##.##......g....##
#.##.#...#............##
......._...............##
#.##.#...#.##.##........#
...#.##.##.#...#........##
._..........._...........#
...#.##.##.#...#.##.##...#
#.##.#...#.##.##.#...#...#


You could see a white imp and a hobgoblin.

Vanquished Creatures
  A water moccasin (D:5)
  An iguana (D:5)
  An ufetubus (D:4)
  An endoplasm (D:4)
  A goblin (D:4)
  A kobold (D:4)
6 creatures vanquished.

Vanquished Creatures (others)
  A jackal (Temple)
  4 fungi (D:4)
5 creatures vanquished.

Grand Total: 11 creatures vanquished

Notes
Turn   | Place    | Note
-------+----------+-------------------------------------------
     0 | D:5      | Reached skill level 9 in Stealth
     0 | D:5      | DocClef the Gnoll Delver began the quest for the Orb.
     0 | D:5      | Reached XP level 1. HP: 23/23 MP: 1/1
     3 | D:5      | Noticed a water moccasin
    11 | D:5      | Killed a water moccasin
    12 | D:5      | Reached skill level 1 in Long Blades
    12 | D:5      | Reached skill level 1 in Axes
    12 | D:5      | Reached skill level 1 in Maces & Flails
    12 | D:5      | Reached skill level 1 in Polearms
    12 | D:5      | Reached skill level 1 in Staves
    12 | D:5      | Reached skill level 1 in Slings
    12 | D:5      | Reached skill level 1 in Bows
    12 | D:5      | Reached skill level 1 in Crossbows
    12 | D:5      | Reached skill level 1 in Throwing
    12 | D:5      | Reached skill level 1 in Armour
    12 | D:5      | Reached skill level 1 in Shields
    12 | D:5      | Reached skill level 1 in Unarmed Combat
    12 | D:5      | Reached skill level 1 in Spellcasting
    12 | D:5      | Reached skill level 1 in Conjurations
    12 | D:5      | Reached skill level 1 in Hexes
    12 | D:5      | Reached skill level 1 in Summonings
    12 | D:5      | Reached skill level 1 in Necromancy
    12 | D:5      | Reached skill level 1 in Translocations
    12 | D:5      | Reached skill level 1 in Transmutations
    12 | D:5      | Reached skill level 1 in Fire Magic
    12 | D:5      | Reached skill level 1 in Ice Magic
    12 | D:5      | Reached skill level 1 in Air Magic
    12 | D:5      | Reached skill level 1 in Earth Magic
    12 | D:5      | Reached skill level 1 in Poison Magic
    12 | D:5      | Reached skill level 1 in Invocations
    12 | D:5      | Reached skill level 1 in Evocations
    12 | D:5      | Reached XP level 2. HP: 29/29 MP: 1/3
    12 | D:5      | Reached XP level 3. HP: 35/35 MP: 1/4
    12 | D:5      | Reached XP level 4. HP: 41/41 MP: 1/5
    90 | D:5      | Reached XP level 5. HP: 47/47 MP: 5/7
    94 | D:4      | Found a staircase to the Ecumenical Temple.
   106 | Temple   | Entered the Ecumenical Temple
   254 | Temple   | Became a worshipper of Warmaster Okawaru
   307 | Temple   | HP: 1/47 [white imp/puff of frost (6)]
   309 | Temple   | Slain by a hobgoblin

Illustrated notes

Levels and vault maps discovered:
D:4:      layout_rooms, nicolae_tso_carved_into_rock,
          mainiacjoe_overflow_chevrons, lemuel_coloured_pillars_altar,
          minmay_temple_entry_ruins, uniq_natasha, uniq_sigmund
D:5:      layout_cave_pools, nicolae_uskayaw_murder_on_the_dancefloor,
          serial_shops, kennysheep_mini, minmay_puff
Temple:   nicolae_temple_elliptical

Skill      XL: |  1 |
---------------+----+-----
Stealth        | |  9.6
Long Blades    | 1 |  1.4
Axes           | 1 |  1.4
Maces & Flails | 1 |  1.4
Polearms       | 1 |  1.4
Staves         | 1 |  1.4
Slings         | 1 |  1.4
Bows           | 1 |  1.4
Crossbows      | 1 |  1.4
Throwing       | 1 |  1.4
Armour         | 1 |  1.4
Shields        | 1 |  1.4
Unarmed Combat | 1 |  1.4
Spellcasting   | 1 |  1.4
Conjurations   | 1 |  1.1
Hexes          | 1 |  1.1
Summonings     | 1 |  1.1
Necromancy     | 1 |  1.1
Translocations | 1 |  1.1
Transmutations | 1 |  1.1
Fire Magic     | 1 |  1.1
Ice Magic      | 1 |  1.1
Air Magic      | 1 |  1.1
Earth Magic    | 1 |  1.1
Poison Magic   | 1 |  1.1
Invocations    | 1 |  1.5
Evocations     | 1 |  1.4
Fighting       | |  6.6
Short Blades   | |  4.7
Dodging        | |  4.7

Action                   |  1- 3 |  4- 6 || total
-------------------------+-------+-------++-------
Melee: Short sword       |     1 |    23 ||    24
       Bite              |       |     1 ||     1
 Stab: Sleeping          |     1 |     2 ||     3
Armor: Leather armour    |       |     3 ||     3
Dodge: Dodged            |       |    24 ||    24

Table legend: (Time is in decaauts)
 A = Elapsed time spent in this place.
 B = Non-inter-level travel time spent in this place.
 C = Inter-level travel time spent in this place.
 D = Time resting spent in this place.
 E = Time spent auto-exploring this place.
 F = Levels seen in this place.
 G = Mean time per level.
                   A        B        C        D        E       F      G
               +--------+--------+--------+--------+--------+-----+--------+
         Total |    306 |    280 |     26 |      0 |    217 |   3 |  102.0 |
       Dungeon |    125 |    122 |      3 |      0 |     74 |   2 |   62.5 |
        Temple |    180 |    157 |     23 |      0 |    143 |   1 |  180.0 |
               +--------+--------+--------+--------+--------+-----+--------+

Top non-repeatable levels by time:
  Temple: 180 daAuts
     D:5: 93 daAuts
     D:4: 32 daAuts
